 Dungeon Crawl Stone Soup version 0.21.0-37-g46506fa (webtiles) character file.

7 Monsterracer the Vexing (level 1, 0/16 HPs)
             Began as a Draconian Arcane Marksman on Feb 1, 2018.
             Slain by a leopard gecko (4 damage)
             ... on level 1 of the Dungeon.
             The game lasted 00:00:30 (403 turns).

Monsterracer the Vexing (Draconian Arcane Marksman)  Turns: 403, Time: 00:00:32

Health: 0/16       AC:  4    Str: 12    XL:     1   Next: 91%
Magic:  2/2        EV: 12    Int: 13    God:
Gold:   26         SH:  0    Dex: 11    Spells: 1/2 levels left

rFire    . . .     SeeInvis .     - Unarmed
rCold    . . .     Gourm    .   (no shield)
rNeg     . . .     Faith    .   (armour unavailable)
rPois    .         Spirit   .   (helmet restricted)
rElec    .         Reflect  .   (no cloak)
rCorr    .         Harm     .   (no gloves)
MR       .....                  (no boots)
Stlth    +.........             (no amulet)
HPRegen  0.05/turn              (no ring)
MPRegen  0.08/turn              (no ring)

@: no status effects
A: unfitting armour, cold-blooded, AC +4
a: no special abilities


You were on level 1 of the Dungeon.
You were not hungry.

You visited 1 branch of the dungeon, and saw 1 of its levels.

You collected 26 gold pieces.

Inventory:

Missiles
 b - 5 javelins (quivered)
 d - 2 throwing nets
Potions
 e - a potion of lignification {unknown}
 f - a potion of flight {unknown}
Books
 a - a book of Debilitation

   Spells                             Type                      Level
   a - Corona                         Hexes                        1
   b - Slow                           Hexes                        2
   c - Inner Flame                    Hexes/Fire                   3
   d - Portal Projectile              Hexes/Translocation          3
   e - Cause Fear                     Hexes                        4
   f - Leda's Liquefaction            Hexes/Earth                  4
Comestibles
 c - a ration


   Skills:
 - Level 1.1 Fighting
 - Level 1.7 Throwing
 - Level 1.7 Dodging
 + Level 1.6 Unarmed Combat
 - Level 1.0 Spellcasting
 - Level 2.6 Hexes


You had one spell level left.
You knew the following spells:

 Your Spells              Type           Power        Failure   Level  Hunger
a - Corona                Hex            #......      10%         1    ##.....


Dungeon Overview and Level Annotations

Branches:
Dungeon (1/15)

Altars:


Innate Abilities, Weirdness & Mutations

Your plain brown scales are hard. (AC +4)
You cannot fit into any form of body armour.
You are cold-blooded and may be slowed by cold attacks.


Message History

You kill the kobold!
Your Unarmed Combat skill increases to level 1!
e - a fuming pink potion
Things that are here:
a kobold corpse; a dart slug corpse Key pressed, stopping explore.
HP restored.
f - a golden potion Health restored: 16 You now have 26 gold pieces (gained 17).
Things that are here:
a kobold corpse; a dart slug corpse
Found a stone staircase leading down.
A bat and a rat come into view.
There are monsters nearby!
The bat misses you.
You closely miss the bat. The bat hits you but does no damage.
You completely miss the bat. The bat barely misses you.
The bat barely misses you. x2
You miss the bat. You tail-slap the bat.
The bat is severely wounded.
The bat hits you.
You take 1 damage, and have 15/16 hp.
You barely miss the bat.
Your tail-slap misses the bat.
The bat is severely wounded.
The bat barely misses you.
You hit the bat but do no damage.
The bat is severely wounded.
The bat misses you.
You hit the bat.
You kill the bat!
You hit the rat.
You kill the rat!
No target in view!
No target in view!
A goblin comes into view. It is wielding a dagger.
The goblin shouts!
Health restored: 16 A goblin is nearby!
A goblin is nearby!
The goblin hits you with a dagger.
You take 2 damage, and have 14/16 hp.
You closely miss the goblin. The goblin closely misses you.
You closely miss the goblin. The goblin closely misses you.
You hit the goblin.
The goblin is severely wounded.
The goblin hits you but does no damage.
You hit the goblin.
You kill the goblin!
You see here a dagger.
Found a stone staircase leading down.
Health restored: 16 No target in view!
A leopard gecko comes into view.
A leopard gecko is nearby!
A leopard gecko is nearby!
The leopard gecko hisses angrily.
Found a ring mail.
The leopard gecko closely misses you.
You hit the leopard gecko.
The leopard gecko is moderately wounded.
The leopard gecko bites you.
You take 1 damage, and have 15/16 hp.
You hit the leopard gecko.
Your tail-slap misses the leopard gecko.
The leopard gecko is almost dead.
The leopard gecko bites you.
You take 3 damage, and have 12/16 hp.
You are too injured to fight recklessly!
You are too injured to fight recklessly!
You are too injured to fight recklessly!
You are too injured to fight recklessly!
You closely miss the leopard gecko.
The leopard gecko is almost dead.
The leopard gecko bites you.
You take 1 damage, and have 11/16 hp.
You barely miss the leopard gecko.
The leopard gecko is almost dead.
The leopard gecko barely misses you.
You closely miss the leopard gecko.
The leopard gecko is almost dead.
The leopard gecko bites you but does no damage.
The leopard gecko bites you.
* * * LOW HITPOINT WARNING * * *
You take 3 damage, and have 8/16 hp.
You miss the leopard gecko.
The leopard gecko is almost dead.
The leopard gecko bites you.
* * * LOW HITPOINT WARNING * * *
You take 4 damage, and have 4/16 hp.
MASSIVE DAMAGE!!
You closely miss the leopard gecko.
The leopard gecko is almost dead.
The leopard gecko barely misses you.
You barely miss the leopard gecko.
The leopard gecko is almost dead.
The leopard gecko closely misses you.
You closely miss the leopard gecko.
The leopard gecko is almost dead.
The leopard gecko bites you.
You die...

#.# ############.#
#.........##.#
#.........##.##
#.........#...#
#.............# #
#.........#...#####
#...#.........#...#...#
#......@####..........#
###...l.# #######....##
......... ........>....
###..[..## #######..####
################..#
####...........####
####.................####
##.......##+######.......#
##.....##'#.......####.....


You could see a leopard gecko.

Vanquished Creatures
  A dart slug (D:1)
  A bat (D:1)
  A goblin (D:1)
  A kobold (D:1)
  A rat (D:1)
5 creatures vanquished.

Notes
Turn   | Place    | Note
-------+----------+-------------------------------------------
     0 | D:1      | Monsterracer the Draconian Arcane Marksman began the quest for the Orb.
     0 | D:1      | Reached XP level 1. HP: 16/16 MP: 2/2
   152 | D:1      | Reached skill level 1 in Unarmed Combat
   399 | D:1      | HP: 8/16 [leopard gecko (3)]
   403 | D:1      | Slain by a leopard gecko

Skill      XL: |  1 |
---------------+----+-----
Unarmed Combat | 1 |  1.6
Fighting       | |  1.1
Throwing       | |  1.7
Dodging        | |  1.7
Spellcasting   | |  1.0
Hexes          | |  2.6

Action                   || total
-------------------------++-------
Melee: Unarmed           ||    30
       Tailslap          ||     1
Armor: Skin              ||     2
Dodge: Dodged            ||    16

Vault maps used:
D:1:      dpeg_arrival_circle_labyrinth_a
